 Dungeon Crawl Stone Soup version 0.23.2-33-g5129a83184 (webtiles) character file.

Game seed: 9573385758718800532

151 t4s4d4r the Ogre Mage (level 5, -8/45 HPs)
             Began as an Ogre Ice Elementalist on July 8, 2019.
             Mangled by an ogre
             ... wielding a +0 giant spiked club
              (20 damage)
             ... on level 4 of the Dungeon.
             The game lasted 00:06:51 (4719 turns).

t4s4d4r the Ogre Mage (Ogre Ice Elementalist)       Turns: 4719, Time: 00:06:51

Health: -8/45      AC:  3    Str: 12    XL:     5   Next: 33%
Magic:  12/12      EV: 10    Int: 17    God:
Gold:   163        SH:  0    Dex:  9    Spells: 2/14 levels left

rFire    . . .     SeeInvis .   g - +0 mace
rCold    . . .     Gourm    .   (no shield)
rNeg     . . .     Faith    .   a - +0 robe
rPois    .         Spirit   .   (helmet restricted)
rElec    .         Reflect  .   (no cloak)
rCorr    .         Harm     .   (gloves unavailable)
MR       .....                  (boots unavailable)
Stlth    +.........             (no amulet)
HPRegen  0.15/turn              (no ring)
MPRegen  0.13/turn              (no ring)

@: no status effects
A: large, unfitting armour, tough skin 1
a: no special abilities


You were on level 4 of the Dungeon.
You were not hungry.

You visited 1 branch of the dungeon, and saw 4 of its levels.

You collected 163 gold pieces.

Inventory:

Hand Weapons
 g - a +0 mace (weapon)
 s - a +0 blowgun
Missiles
 d - 62 stones (quivered)
 t - 10 poisoned needles
Armour
 a - a +0 robe (worn)
Jewellery
 n - an uncursed ring of protection from magic {unknown}
 u - an uncursed ring of resist corrosion {unknown}
Scrolls
 b - 3 scrolls of remove curse {unknown}
 f - 2 scrolls of identify {unknown}
 h - 3 scrolls of teleportation {unknown}
 i - 2 scrolls of blinking {unknown}
 j - a scroll of magic mapping {unknown}
 m - a scroll of amnesia {unknown}
 q - a scroll of fog {unknown}
Potions
 e - a potion of ambrosia {unknown}
 k - 3 potions of curing {unknown}
 l - 2 potions of agility {unknown}
 o - a potion of might {unknown}
 p - a potion of berserk rage {unknown}
 r - a potion of lignification {unknown}
Comestibles
 c - 6 rations


   Skills:
 - Level 1.7 Dodging
 - Level 1.4 Stealth
 - Level 5.2 Spellcasting
 - Level 0.8 Conjurations
 + Level 3.5 Ice Magic


You had 2 spell levels left.
You knew the following spells:

 Your Spells              Type           Power        Failure   Level  Hunger
a - Freeze                Ice            ###.         3%          1    None
b - Ozocubu's Armour      Chrm/Ice       ##......     21%         3    ###....
c - Throw Icicle          Conj/Ice       ##......     50%         4    ####...
d - Summon Ice Beast      Ice/Summ       ##......     54%         4    ####...

Your spell library contained the following spells:

 Spells                   Type           Power        Failure   Level  Hunger
 Throw Frost              Conj/Ice       ##....       9%          2    #......


Dungeon Overview and Level Annotations

Branches:
Dungeon (4/15)
 Temple: D:4-7

Altars:
Sif Muna

Shops:
D:4 (


Innate Abilities, Weirdness & Mutations

You are too large for most types of armour.
You have tough skin. (AC +1)


Message History

There is a stone staircase leading down here.
You start resting.
Magic restored.
You start resting.
All of the chunks of flesh in your inventory have rotted away.
HP restored.
You climb downwards.
An orc comes into view. It is wielding a -3 trident.
The orc shouts!
The ogre hits you with a +0 giant spiked club!!
The orc hits you with a +0 short sword. The orc hits you with a +0 mace!
* * * LOW HITPOINT WARNING * * *
The orc throws a stone.
The stone completely misses you.
The stone barely misses the orc.
An orc wizard comes into view. It is wielding a +0 dagger.
The orc misses you.
There is a stone staircase leading up, spattered with blood here.
Unknown command.
The ogre hits you with a +0 giant spiked club!!
You die...

#......
o..###..
#......
###......#
#.[....
........#
#......
#####.......###
#......
...............
#######
oo.....o.......
.o.....oO......
#.@oh.....
####.#.... # .
###+#+###
#........
#........
#........
#........
#........


You could see an ogre, a hound, 3 orc wizards and 4 orcs.

Vanquished Creatures
  A worker ant (D:2)
  A gnoll (D:3)
  5 adders
  A worm (D:2)
  4 dart slugs
  3 leopard geckos (D:3)
  An orc (D:3)
  2 ball pythons
  4 bats
  A giant cockroach (D:3)
  5 goblins
  7 hobgoblins
  4 jackals
  2 quokkas
  4 frilled lizards
  8 kobolds
  4 rats
57 creatures vanquished.

Notes
Turn   | Place    | Note
-------+----------+-------------------------------------------
     0 | D:1      | t4s4d4r the Ogre Ice Elementalist began the quest for the
                  | Orb.
     0 | D:1      | Reached XP level 1. HP: 16/16 MP: 3/3
   138 | D:1      | Reached skill level 3 in Spellcasting
   142 | D:1      | Reached XP level 2. HP: 21/24 MP: 0/6
  1032 | D:2      | Reached skill level 4 in Spellcasting
  1032 | D:2      | Reached XP level 3. HP: 20/31 MP: 1/8
  1590 | D:2      | Reached skill level 5 in Spellcasting
  1590 | D:2      | Reached XP level 4. HP: 31/39 MP: 2/11
  1974 | D:2      | Found a deep blue altar of Sif Muna.
  2285 | D:3      | Found a faded altar of an unknown god.
  2335 | D:3      | Learned a level 3 spell: Ozocubu's Armour
  2340 | D:3      | Learned a level 4 spell: Throw Icicle
  2345 | D:3      | Learned a level 4 spell: Summon Ice Beast
  3243 | D:3      | Reached XP level 5. HP: 21/45 MP: 6/12
  3703 | D:4      | Noticed an ogre
  3911 | D:4      | Found Gevedurph's Antique Weapon Shop.
  4719 | D:4      | Mangled by an ogre

Skill      XL: |  1  2  3  4 |
---------------+-------------+-----
Spellcasting   | 3 4 5 |  5.2
Ice Magic      | 3 |  3.5
Dodging        | |  1.7
Stealth        | |  1.4
Conjurations   | |  0.8

Action                   |  1- 3 |  4- 6 || total
-------------------------+-------+-------++-------
Melee: Unarmed           |     5 |       ||     5
       Mace              |     9 |    25 ||    34
 Cast: Freeze            |    45 |    50 ||    95
 Stab: Sleeping          |       |     1 ||     1
  Eat: Chunk             |     1 |    10 ||    11
Armor: Robe              |    10 |    21 ||    31
Dodge: Dodged            |    38 |    50 ||    88
